 Dungeon Crawl Stone Soup version 0.29.0-7-g18a832c13a (webtiles) character file.

Game seed: 10524719427644368256

24 Iusername the Magician (level 3, -1/25 HPs)
             Began as a Djinni Fire Elementalist on Aug 31, 2022.
             Slain by a jackal (2 damage)
             ... on level 2 of the Dungeon.
             The game lasted 00:03:50 (2179 turns).

Iusername the Magician (Djinni Fire Elementalist)   Turns: 2179, Time: 00:03:51

Health: -1/25      AC:  2    Str:  9    XL:     3   Next: 15%
Gold:   10         EV: 12    Int: 16    God:
                   SH:  0    Dex: 13

rFire   + + .      SeeInvis .   (no weapon)
rCold   x . .      Faith    .   (no shield)
rNeg    . . .      Spirit   .   a - +0 robe
rPois   ∞          Reflect  .   (no helmet)
rElec   .          Harm     .   (no cloak)
rCorr   .          Rampage  .   (no gloves)
Will    .....                   (boots unavailable)
Stlth   ++........              (no amulet)
HPRegen 0.08/turn               (no ring)
MPRegen 0.00/turn               (no ring)

@: flying
A: sickness immunity, fire resistance 2, cold vulnerability 1, float, innate
caster, HP casting, extra vitality 1
a: no special abilities


You were on level 2 of the Dungeon.
You visited 1 branch of the dungeon, and saw 2 of its levels.

You collected 10 gold pieces.

Inventory:

Hand Weapons
 b - a +0 dagger
Armour
 a - a +0 robe (worn)
 e - a +0 pair of boots
Jewellery
 g - a ring of protection from cold
Potions
 c - a potion of flight {unknown}
 d - a potion of might {unknown}
 f - a potion of berserk rage {unknown}


   Skills:
 + Level 2.3 Dodging
 + Level 1.8 Stealth
 + Level 3.0 Spellcasting


You couldn't memorise any spells.
You knew the following spells:

 Your Spells              Type           Power      Damage    Failure   Level
a - Foxfire               Conj/Fire      48%        2x1d6     5%          1
b - Scorch                Fire           24%        2d6       8%          2
c - Conjure Flame         Conj/Fire      12%        6-21      16%         3
d - Inner Flame           Hex/Fire       12%        N/A       16%         3
e - Flame Wave            Conj/Fire      12%        2d6       45%         4
f - Freeze                Ice            48%        1d7       5%          1
Your spell library was empty.

Dungeon Overview and Level Annotations

Branches:
Dungeon (2/15)

Altars:


Innate Abilities, Weirdness & Mutations

You are immune to sickness and miasma.
You are immune to poison.
Your flesh is very heat resistant. (rF++)
You are vulnerable to cold. (rC-)
You float through the air rather than walking.
You learn spells naturally, not from books.
Your magical power is your life essence.
You have superior vitality. (+4 MHP)


Message History

The bat hits you but does no damage. The bat closely misses you.
The bat barely misses you. The bat hits you but does no damage.
You completely miss the bat. The bat hits you but does no damage.
The bat barely misses you. The bat misses you.
The bat hits you but does no damage. The bat barely misses you.
The bat hits you.
* * * LOW HITPOINT WARNING * * *
The bat barely misses you.
You barely miss the bat. The bat barely misses you. The bat hits you.
* * * LOW HITPOINT WARNING * * *
There is a stone staircase leading down here.
The bat hits you but does no damage.
You fly downwards.
There is a stone staircase leading up here.
The jackal barks! x3
Found a stone staircase leading down.
The endoplasm quivers.
The endoplasm closely misses you. The jackal bites you.
* * * LOW HITPOINT WARNING * * *
The endoplasm barely misses you.
You barely miss the endoplasm. The jackal barely misses you. x2
The endoplasm hits you but does no damage.
You hit the endoplasm but do no damage. The jackal closely misses you.
The jackal bites you.
* * * LOW HITPOINT WARNING * * *
The quokka closely misses you. The endoplasm barely misses you.
The jackal barely misses you.
You hit the endoplasm but do no damage.
The jackal bites you but does no damage.
The jackal closely misses you. The quokka barely misses you.
The endoplasm completely misses you.
You hit the endoplasm but do no damage. The jackal bites you.
* * * LOW HITPOINT WARNING * * *
The jackal bites you.
You die...

#### .>. #.#
####.#######
#<.h@h.....#
#..hJr.###.#
#...h..#
#......#
#......#
#.##.#.#
#.##.#.#
#.##.#..


You could see an endoplasm, a quokka and 4 jackals.

Vanquished Creatures
  A dart slug (D:1)
  2 endoplasms (D:1)
  2 goblins (D:1)
  3 hobgoblins (D:1)
  4 kobolds (D:1)
  2 ball pythons (D:1)
  4 bats (D:1)
  A rat (D:1)
19 creatures vanquished.

Vanquished Creatures (others)
  56 foxfires (D:1)
56 creatures vanquished.

Grand Total: 75 creatures vanquished

Notes
Turn   | Place    | Note
-------+----------+-------------------------------------------
     0 | D:1      | Iusername the Djinni Fire Elementalist began the quest for
                  | the Orb.
     0 | D:1      | Iusername set off with the following spells memorised:
                  | Foxfire, Scorch, Conjure Flame, Inner Flame, Flame Wave.
     0 | D:1      | Reached XP level 1. HP: 15/15 MP: 0/0
    89 | D:1      | Reached XP level 2. HP: 10/21 MP: 0/0
   111 | D:1      | HP: 1/21 [hobgoblin (1)]
  2094 | D:1      | Reached XP level 3. HP: 23/25 MP: 0/0
  2094 | D:1      | Learned a level 1 spell: Freeze
  2097 | D:1      | Reached skill level 3 in Spellcasting
  2179 | D:2      | HP: 1/25 [jackal (2)]
  2179 | D:2      | Slain by a jackal

Illustrated notes

Levels and vault maps discovered:
D:1:      dpeg_arrival_tiny_c, layout_basic, serial_shops, shop
D:2:      layout_basic, ebering_ecumenical_altar_box,
          minmay_fractal_squares_gapless_5, uniq_natasha, uniq_sigmund

Skill      XL: |  1  2  3 |
---------------+----------+-----
Spellcasting   | 3 |  3.0
Dodging        | |  2.3
Stealth        | |  1.8

Action                   || total
-------------------------++-------
Melee: Dagger            ||    14
       Unarmed           ||    18
 Cast: Foxfire           ||    43
Armor: Robe              ||    32
Dodge: Dodged            ||    93
